 Dungeon Crawl Stone Soup version 0.24-a0-250-g6074511 (webtiles) character file.

Game seed: 5313289315509552872

148 Hasart the Cutter (level 5, -4/32 HPs)
             Began as a Kobold Gladiator on Apr 14, 2019.
             Killed from afar by a white imp (10 damage)
             ... with a puff of frost
             ... summoned by Natasha
             ... on level 3 of the Dungeon.
             The game lasted 00:03:05 (1587 turns).

Hasart the Cutter (Kobold Gladiator)                Turns: 1587, Time: 00:03:07

Health: -4/32      AC:  5    Str: 12    XL:     5   Next: 56%
Magic:  5/5        EV: 16    Int: 10    God:
Gold:   74         SH:  0    Dex: 16    Spells: 4/4 levels left

rFire    . . .     SeeInvis .   a - +0 rapier
rCold    . . .     Gourm    .   (shield restricted)
rNeg     . . .     Faith    .   b - +0 leather armour
rPois    .         Spirit   .   c - +0 helmet
rElec    .         Reflect  .   (no cloak)
rCorr    .         Harm     .   g - +0 pair of gloves
MR       .....                  (no boots)
Stlth    ++........             (no amulet)
HPRegen  0.10/turn              (no ring)
MPRegen  0.09/turn              (no ring)

@: slowed, very slow
A: small, carnivore
a: no special abilities


You were on level 3 of the Dungeon.
You were very full.

You visited 1 branch of the dungeon, and saw 3 of its levels.

You collected 74 gold pieces.

Inventory:

Hand Weapons
 a - a +0 rapier (weapon)
Missiles
 d - 5 throwing nets (quivered)
Armour
 b - a +0 leather armour (worn)
 c - a +0 helmet (worn)
 g - a +0 pair of gloves (worn)
Scrolls
 h - a scroll of random uselessness {unknown}
 i - 3 scrolls of identify
 j - a scroll of fog {unknown}
 k - a scroll of fear {unknown}
 m - a scroll of immolation {unknown}
 n - 2 scrolls of teleportation {unknown}
Potions
 e - 2 potions of heal wounds
 l - a potion of might {unknown}
Comestibles
 f - 7 rations


   Skills:
 + Level 3.0 Fighting
 * Level 5.6 Short Blades
 - Level 2.1 Throwing
 + Level 1.4 Armour
 + Level 4.3 Dodging
 + Level 2.4 Stealth


You had 4 spell levels left.
You didn't know any spells.
Your spell library was empty.

Dungeon Overview and Level Annotations

Branches:
Dungeon (3/15)

Altars:
Uskayaw

Annotations:
D:3 Natasha


Innate Abilities, Weirdness & Mutations

You are small and have problems with some larger weapons.
You are carnivorous and can eat meat at any time.


Message History

You hit Natasha but do no damage.
Natasha is moderately wounded.
Natasha closely misses you.
The white imp hits you but does no damage.
The orc hits you with a +0 dagger. The shadow imp misses you.
Natasha closely misses you. The white imp gestures at you.
The puff of frost hits you!
* * * LOW HITPOINT WARNING * * *
You hit Natasha but do no damage.
Natasha is moderately wounded.
The orc hits you with a +0 dagger.
* * * LOW HITPOINT WARNING * * *
The shadow imp lashes its tail.
The shadow imp completely misses you. Natasha casts a spell at you.
You resist with some effort. The white imp gestures at you.
The puff of frost hits you!
You die...

.... ... ..
####.###### #
#.........#..
##.<.......
#..........
#..........
#.5@.......
#.oh5......
#..........
............
..........#..
###..#....####
.>.####.. ..#.
...


You could see Natasha, a white imp, a shadow imp and an orc.

Vanquished Creatures
  A scorpion (D:2)
  Jessica (D:2)
  2 adders (D:2)
  An ooze (D:1)
  A worm (D:2)
  3 leopard geckos
  A giant cockroach (D:1)
  6 goblins (D:1)
  5 hobgoblins
  2 jackals (D:1)
  10 kobolds
  A ball python (D:2)
  4 bats
  3 frilled lizards
  8 rats
49 creatures vanquished.

Notes
Turn   | Place    | Note
-------+----------+-------------------------------------------
     0 | D:1      | Hasart the Kobold Gladiator began the quest for the Orb.
     0 | D:1      | Reached XP level 1. HP: 12/12 MP: 1/1
    52 | D:1      | Reached XP level 2. HP: 17/17 MP: 2/2
   151 | D:1      | Reached skill level 1 in Stealth
   329 | D:1      | Reached XP level 3. HP: 22/22 MP: 3/3
   834 | D:2      | Reached skill level 1 in Armour
   890 | D:2      | Noticed a +0 hand axe
   890 | D:2      | Noticed a scorpion
   890 | D:2      | Noticed a +0 hand axe
   901 | D:2      | Killed a scorpion
   901 | D:2      | Reached skill level 5 in Short Blades
   901 | D:2      | Reached XP level 4. HP: 15/27 MP: 4/4
   949 | D:2      | Found a hide-covered altar of Uskayaw.
   959 | D:2      | Reached XP level 5. HP: 18/32 MP: 5/5
  1173 | D:2      | Noticed Jessica
  1180 | D:2      | Killed Jessica
  1573 | D:3      | Noticed Natasha
  1587 | D:3      | Killed from afar by a white imp

Levels and vault maps discovered:
D:1:      minmay_arrival_wavy_path, layout_basic
D:2:      layout_loops_ring, dancing_weapons_uskayaw, minmay_tetromino_t2,
          uniq_jessica
D:3:      layout_rooms, lemuel_crystal_altar, uniq_sigmund, uniq_natasha

Skill      XL: |  1  2  3  4  5 |
---------------+----------------+-----
Stealth        | 1 2 |  2.4
Dodging        | 4 |  4.3
Armour         | 1 |  1.4
Short Blades   | 5 |  5.6
Fighting       | 3 |  3.0
Throwing       | |  2.1

Action                   |  1- 3 |  4- 6 || total
-------------------------+-------+-------++-------
Melee: Rapier            |   137 |    52 ||   189
  Use: Scroll            |     3 |       ||     3
 Stab: Sleeping          |     1 |     2 ||     3
  Eat: Chunk             |     8 |     2 ||    10
Armor: Leather armour    |    24 |    16 ||    40
Dodge: Dodged            |   113 |    39 ||   152

Table legend:
 A = Non-vault XP
 B = Vault XP
 C = Vault XP percentage of total XP
 D = Non-vault monster count
 E = Vault monster count
 F = Vault count percentage of total count
                 A         B        C        D         E       F
            +---------+---------+-------+---------+---------+-------
      Total |     173 |      39 |  18.4 |      46 |       3 |   6.1
            +---------+---------+-------+---------+---------+-------
        D:1 |      61 |       0 |   0.0 |      33 |       0 |   0.0
        D:2 |     112 |      39 |  25.8 |      13 |       3 |  18.8
            +---------+---------+-------+---------+---------+-------
